 Dungeon Crawl Stone Soup version 0.21.1-1-g345015f (webtiles) character file.

762 teukkam the Skirmisher (level 7, -3/62 HPs)
             Began as a Minotaur Berserker on July 25, 2018.
             Was a Priest of Trog.
             Slain by a river rat (4 damage)
             ... summoned by Eustachio
             ... on level 5 of the Dungeon on July 30, 2018.
             The game lasted 00:12:13 (2467 turns).

teukkam the Skirmisher (Minotaur Berserker)         Turns: 2467, Time: 00:12:13

Health: -3/62      AC: 11    Str: 23    XL:     7   Next: 51%
Magic:  6/6        EV: 12    Int:  4    God:    Trog [***...]
Gold:   162        SH:  0    Dex: 10    Spells: 6/6 levels left

rFire    . . .     SeeInvis .   a - +3 quarterstaff (chaos)
rCold    . . .     Gourm    .   (shield currently unavailable)
rNeg     . . .     Faith    .   q - +0 scale mail
rPois    .         Spirit   .   (helmet restricted)
rElec    .         Reflect  .   p - +0 cloak
rCorr    .         Harm     .   (no gloves)
MR       .....                  i - +2 pair of boots
Stlth    ..........             (no amulet)
HPRegen  0.20/turn              (no ring)
MPRegen  0.10/turn              (no ring)

@: berserk cooldown, slowed, very slow
A: retaliatory headbutt, horns 2
a: Berserk, Trog's Hand, Burn Spellbooks, Renounce Religion


You were on level 5 of the Dungeon.
You worshipped Trog.
Trog was most pleased with you.
You were hungry.

You visited 1 branch of the dungeon, and saw 5 of its levels.

You collected 162 gold pieces.

Inventory:

Hand Weapons
 a - a +3 quarterstaff of chaos (weapon)
 b - a +0 blowgun
 j - a +2 vampiric short sword
 l - a +0 hand axe
 m - a cursed -3 dagger
 o - a +2 short sword of flaming
 r - a cursed -1 spear
Missiles
 k - 31 poisoned needles
 t - 4 javelins (quivered)
Armour
 i - a +2 pair of boots (worn)
 p - a +0 cloak (worn)
 q - a +0 scale mail (worn)
Magical Staves
 z - an uncursed staff of fire
Wands
 v - a wand of enslavement (13)
Scrolls
 g - 3 scrolls of teleportation
 s - 4 scrolls of identify
 w - a scroll of magic mapping
 y - a scroll of remove curse
Potions
 e - a potion of magic
 f - a potion of curing
 h - a potion of degeneration {unknown}
 n - a potion of mutation {unknown}
 u - 3 potions of heal wounds
 x - a potion of cancellation {unknown}
Comestibles
 c - 7 rations
 d - 3 chunks of flesh


   Skills:
 + Level 5.7 Fighting
 - Level 2.3 Short Blades
 - Level 3.8 Axes
 + Level 3.0 Staves
 + Level 3.2 Throwing
 + Level 5.0 Armour
 + Level 4.6 Dodging


You had 6 spell levels left.
You didn't know any spells.

Dungeon Overview and Level Annotations

Branches:
Dungeon (5/15)             Temple (0/1) D:5

Altars:
Ru

Annotations:
D:5 Eustachio


Innate Abilities, Weirdness & Mutations

You reflexively headbutt those who attack you in melee.
You have a pair of horns on your head.


Message History

The crimson imp sputters.
The crimson imp closely misses you. The river rat bites you.
The orc warrior closely misses you.
An orc comes into view. It is wielding a dagger.
You completely miss Eustachio.
Eustachio is heavily wounded.
Eustachio hits you with a rapier of flaming.
Eustachio burns you.
The orc hits you from afar with a trident.
The crimson imp hits you but does no damage.
The river rat bites you but does no damage.
The orc priest mumbles some strange prayers to Beogh against you.
Beogh smites you!
* * * LOW HITPOINT WARNING * * *
The orc warrior closely misses you. Eustachio misses you.
The orc hits you from afar with a trident.
* * * LOW HITPOINT WARNING * * *
The crimson imp barely misses you. You furiously retaliate!
You headbutt the crimson imp! The river rat bites you.
You die...

*,*,,,,,,***,*,,,**,,,,>
*,,,,....,,,,,,*,,*,,,*,
*,*,,...#****,,,,,,,,*,,
#.#**#..# *,**,,,,,,,,, #.# #..#
**,**,,,***** #### #.# #..#
****,*,,****** ,..# #># #r5#
*,,,,,,,,,,,** *#.# #.# #r@#
*,*,,,,,,,,,*, #.# #.# #.@#
*,*,***,**,,*,
##.#######.####o5###.5.,**,**,,,,
....[...o....oo.So..?..,**,**,*,,
###############.(......,,,,**,,,,
##..##.##******,**, ##.#*,#
****,**, ##### *.#*,* *,,,,**,
.<..# *.#*,* *,,,,**, ###.#
*.#*,* *,,,***,


You could see Eustachio, an orc warrior, an orc priest, a crimson imp, an adder,
a river rat, 2 orcs, an ufetubus and a quokka.

Vanquished Creatures
  Sigmund (D:3)
  A necrophage (D:3)
  An ogre (D:4)
  2 orc priests (D:3)
  A bullfrog skeleton (D:4)
  Crazy Yiuf (D:2)
  An orc wizard (D:3)
  Terence (D:2)
  Natasha (thrice) (D:2)
  A hound skeleton (D:5)
  3 gnolls (D:2)
  6 adders
  An ooze (D:1)
  An adder zombie (D:5)
  3 worms
  A dart slug (D:3)
  2 leopard geckos (D:1)
  13 orcs
  5 giant cockroaches
  9 goblins
  6 hobgoblins
  6 jackals (D:3)
  8 kobolds
  2 quokkas
  4 ball pythons
  4 bats
  3 frilled lizards
  8 rats
98 creatures vanquished.

Notes
Turn   | Place    | Note
-------+----------+-------------------------------------------
     0 | D:1      | teukkam the Minotaur Berserker began the quest for the Orb.
     0 | D:1      | Reached XP level 1. HP: 19/19 MP: 0/0
     2 | D:1      | Noticed a felid
     2 | D:1      | Noticed a demigod
     4 | D:1      | Noticed a vine stalker
     4 | D:1      | Noticed a minotaur
     6 | D:1      | Noticed a tengu
     8 | D:1      | Noticed a vampire
     8 | D:1      | Noticed a naga
    10 | D:1      | Noticed an elf
    10 | D:1      | Noticed a dwarf
    12 | D:1      | Noticed a gargoyle
    12 | D:1      | Noticed an ogre
    14 | D:1      | Noticed a troll
    16 | D:1      | Noticed a merfolk
    16 | D:1      | Noticed a demonspawn
    18 | D:1      | Noticed a human
    18 | D:1      | Noticed a ghoul
    20 | D:1      | Noticed a draconian
    22 | D:1      | Noticed an octopode
    24 | D:1      | Noticed a centaur
    24 | D:1      | Noticed a formicid
    26 | D:1      | Noticed a halfling
    26 | D:1      | Noticed a spriggan
   160 | D:1      | Reached XP level 2. HP: 27/27 MP: 1/1
   649 | D:2      | Reached XP level 3. HP: 33/33 MP: 2/2
   657 | D:2      | Reached skill level 1 in Short Blades
   741 | D:2      | Noticed Terence
   746 | D:2      | Killed Terence
   746 | D:2      | Reached skill level 1 in Throwing
   746 | D:2      | Reached XP level 4. HP: 40/40 MP: 3/3
   905 | D:2      | Reached ** piety under Trog
  1063 | D:2      | Noticed Natasha
  1071 | D:2      | Killed Natasha
  1071 | D:2      | Reached XP level 5. HP: 34/47 MP: 4/4
  1111 | D:2      | Noticed Natasha
  1115 | D:2      | Killed Natasha
  1256 | D:2      | Noticed Natasha
  1262 | D:2      | Killed Natasha
  1390 | D:2      | Found a runed door.
  1395 | D:2      | Noticed Crazy Yiuf
  1399 | D:2      | Killed Crazy Yiuf
  1549 | D:3      | Reached XP level 6. HP: 44/55 MP: 5/5
  1868 | D:3      | Reached skill level 1 in Staves
  1870 | D:3      | Reached *** piety under Trog
  1878 | D:3      | Reached skill level 5 in Fighting
  1919 | D:3      | Noticed Sigmund
  1924 | D:3      | Killed Sigmund
  1967 | D:3      | Reached XP level 7. HP: 61/61 MP: 6/6
  2032 | D:3      | Found a sacrificial altar of Ru.
  2340 | D:4      | Reached skill level 5 in Armour
  2378 | D:5      | Entered Level 5 of the Dungeon
  2445 | D:5      | Noticed Eustachio
  2467 | D:5      | HP: 1/62 [orc/trident (6)]
  2467 | D:5      | Slain by a river rat

Skill      XL: |  1  2  3  4  5  6  7 |
---------------+----------------------+-----
Fighting       | 4 5 |  5.7
Armour         | 3 4 5 |  5.0
Short Blades   | 1 2 |  2.3
Throwing       | 1 2 3 |  3.2
Dodging        | 3 4 |  4.6
Staves         | 2 3 |  3.0
Axes           | |  3.8

Action                   |  1- 3 |  4- 6 |  7- 9 || total
-------------------------+-------+-------+-------++-------
Melee: Hand axe          |    14 |    36 |       ||    50
       Short sword       |    21 |    33 |       ||    54
       Headbutt          |     5 |    14 |     6 ||    25
       Quarterstaff      |       |    31 |    38 ||    69
Throw: Javelin           |     5 |     2 |     7 ||    14
Invok: Berserk           |       |     2 |     1 ||     3
  Use: Potion            |       |     1 |     1 ||     2
       Scroll            |       |     3 |     3 ||     6
  Eat: Chunk             |       |     4 |     3 ||     7
Armor: Ring mail         |     8 |    21 |       ||    29
       Scale mail        |       |    26 |    28 ||    54
Dodge: Dodged            |    25 |    68 |    38 ||   131
